 Dungeon Crawl Stone Soup version 0.21-a0-201-g8501b10 (webtiles) character file.

145 Ijustatesigmund the Cudgeler (level 5, -1/36 HPs)
             Began as an Octopode Fighter on Aug 17, 2017.
             Slain by Grinder (7 damage)
             ... while paralysed by Grinder
             ... on level 4 of the Dungeon.
             The game lasted 00:06:45 (3503 turns).

Ijustatesigmund the Cudgeler (Octopode Fighter)     Turns: 3503, Time: 00:06:46

Health: -1/36      AC:  1    Str: 15    XL:     5   Next: 27%
Magic:  5/5        EV:  2    Int: 10    God:
Gold:   195        SH:  0    Dex: 13    Spells: 3/4 levels left

rFire    + . .     SeeInvis .   a - +0 flail
rCold    . . .     Gourm    .   b - +0 shield
rNeg     . . .     Faith    .   (helmet restricted)
rPois    .         Spirit   .   (no amulet)
rElec    .         Reflect  .   h - ring of protection from fire
rCorr    .         Harm     .   (no ring)
MR       +....                  (no ring)
Stlth    ++........             (no ring)
HPRegen  0.12/turn              (no ring)
MPRegen  0.09/turn              (no ring)
                                (no ring)
                                (no ring)

@: paralysed, very slightly contaminated, hasted, invisible
A: almost no armour, stealthy swim, amphibious, 8 rings, constrict 8, tentacle
spike 1, camouflage 1, magic resistance 1, gelatinous body 1
a: no special abilities


You were on level 4 of the Dungeon.
You were not hungry.

You visited 1 branch of the dungeon, and saw 4 of its levels.

You collected 195 gold pieces.

Inventory:

Hand Weapons
 a - a +0 flail (weapon)
Armour
 b - a +0 shield (worn)
Jewellery
 h - a ring of protection from fire (left tentacle)
Wands
 q - a wand of lightning (7/15)
Scrolls
 c - 2 scrolls of teleportation
 e - 2 scrolls of fear
 f - a scroll of remove curse
 n - a scroll of recharging
Potions
 g - a potion of haste
 j - a potion of curing
 l - a potion of invisibility
 m - a potion of heal wounds
Books
 k - a book of Cantrips

   Spells                             Type                      Level
   a - Confusing Touch                Hexes                        1
   b - Animate Skeleton               Necromancy                   1
   c - Summon Small Mammal            Summoning                    1
   d - Apportation                    Translocation                1
Comestibles
 d - 4 bread rations
 i - 4 meat rations


   Skills:
 + Level 3.3 Fighting
 + Level 5.0 Maces & Flails
 - Level 3.0 Dodging
 - Level 3.0 Shields
 + Level 0.4 Translocations


You had 3 spell levels left.
You knew the following spells:

 Your Spells              Type           Power        Failure   Level  Hunger
a - Apportation           Tloc           #.....       83%         1    ##.....


Dungeon Overview and Level Annotations

Branches:
Dungeon (4/15)
 Temple: D:4-7

Altars:

Annotations:
D:3 p0werm0de's ghost, weakling DgWz
D:4 Grinder


Innate Abilities, Weirdness & Mutations

You cannot wear most types of armour.
You are very stealthy in the water. (Stealth+)
You are amphibious.
You can wear up to eight rings at the same time.
You can use your tentacles to constrict eight enemies at once.
Your skin changes colour to match your surroundings (Stealth+).
Your rubbery body absorbs attacks. (AC +1, EV +1)
One of your tentacles bears a spike.
You are resistant to hostile enchantments. (MR+)


Message History

Grinder blinks!
You hit Grinder but do no damage. You grab Grinder.
Grinder is lightly wounded.
You constrict Grinder. You block Grinder's attack.
You hit Grinder.
You pierce Grinder.
Grinder is moderately wounded.
You constrict Grinder. Grinder hits you.
You writhe in agony.
You hit Grinder but do no damage.
You pierce Grinder, but do no damage.
Grinder is heavily wounded.
You constrict Grinder. Grinder barely misses you.
You hit Grinder but do no damage. You squeeze Grinder.
Grinder is severely wounded.
You constrict Grinder. Grinder gestures at you.
You suddenly lose the ability to move!
You lose your grip on Grinder.
Grinder hits you!
You writhe in agony.
Grinder hits you!
You writhe in agony.
* * * LOW HITPOINT WARNING * * *
Grinder hits you!
You die...

.#####..........
#...###### #...#
###.# #..# #..#
#..# #..#######.
#.@........
#5###.###.# #. #
#. ##


You could see Grinder.

Vanquished Creatures
  5 adders
  2 oozes (D:1)
  A worm (D:2)
  3 orcs (D:3)
  3 bats
  7 giant cockroaches
  11 hobgoblins
  14 jackals
  A ball python (D:2)
  2 frilled lizards
  11 goblins
  7 kobolds
  9 rats
76 creatures vanquished.

Notes
Turn   | Place    | Note
-------+----------+-------------------------------------------
     0 | D:1      | Ijustatesigmund the Octopode Fighter began the quest for the Orb.
     0 | D:1      | Reached XP level 1. HP: 16/16 MP: 1/1
    93 | D:1      | Reached XP level 2. HP: 20/21 MP: 2/2
   102 | D:1      | You fall through a shaft!
   107 | D:2      | Reached skill level 3 in Maces & Flails
   187 | D:2      | Reached XP level 3. HP: 22/26 MP: 3/3
   534 | D:1      | Reached skill level 4 in Maces & Flails
   866 | D:1      | Reached XP level 4. HP: 28/31 MP: 4/4
  2326 | D:3      | Reached XP level 5. HP: 27/36 MP: 5/5
  2483 | D:3      | Noticed p0werm0de's ghost (weakling DgWz)
  2766 | D:3      | Reached skill level 5 in Maces & Flails
  2818 | D:3      | Gained mutation: You are resistant to hostile enchantments. (MR+) [potion of mutation]
  2818 | D:3      | Gained mutation: One of your tentacles bears a spike. [potion of mutation]
  2850 | D:3      | Learned a level 1 spell: Apportation
  3484 | D:4      | Noticed Grinder
  3500 | D:4      | Paralysed by Grinder for 3 turns
  3503 | D:4      | Slain by Grinder

Vault maps used:
D:1:      lightli_arrival_quake
D:4:      minmay_fountain_box, uniq_ijyb, uniq_grinder

Skill      XL: |  1  2  3  4  5 |
---------------+----------------+-----
Maces & Flails | 3 4 5 |  5.0
Fighting       | |  3.3
Dodging        | |  3.0
Shields        | |  3.0
Translocations | |  0.4

Action                   |  1- 3 |  4- 6 || total
-------------------------+-------+-------++-------
Melee: Flail             |    49 |   116 ||   165
       Tentacles         |    14 |    19 ||    33
       Constrict         |    16 |    20 ||    36
       Kick              |       |     7 ||     7
  Use: Scroll            |     3 |     9 ||    12
       Potion            |     2 |     3 ||     5
 Stab: Sleeping          |     5 |     8 ||    13
       Invisible         |     2 |       ||     2
  Eat: Chunk             |       |     6 ||     6
       Royal jelly       |       |     1 ||     1
Armor: Skin              |     4 |     3 ||     7
Dodge: Dodged            |    30 |    63 ||    93
Block: Shield            |    28 |    57 ||    85
